 Dungeon Crawl Stone Soup version 0.30.1-1-g62c8e00024 (webtiles) character file.

Game seed: 3181650646931077714

61716 booth the Fighter (level 15, -16/104 HPs)
             Began as a Gargoyle Monk on July 13, 2023.
             Was an Elder of Ashenzari.
             Demolished by an enormous slime creature (35 damage)
             ... on level 15 of the Dungeon on July 15, 2023.
             The game lasted 02:37:32 (22392 turns).

booth the Fighter (Gargoyle Monk)                  Turns: 22392, Time: 02:37:33

Health: -16/104    AC: 39    Str: 20    XL:     15   Next: 3%
Magic:  21/21      EV: 12    Int: 11    God:    Ashenzari [****..]
Gold:   1124       SH:  5    Dex: 14    Spells: 22/22 levels left

rFire   . . .        f - +4 flail (heavy)
rCold   . . .        U - +0 buckler
rNeg    + + .        j - +0 chain mail {Will+}
rPois   ∞            o - +1 helmet "I Knew You'd Do That" {Melee, Fort} (curse)
rElec   +            A - +2 cloak of the Bound Incredulity {Stlth+, Self, Elem} (curse)
rCorr   .            z - +2 pair of gloves of the Wild Blue Yonder {Comp, Range} (curse)
SInv    +            h - +0 pair of boots of the Lashed Anxiety {Evo, Melee} (curse)
Will    ++...        (no amulet)
Stlth   +++          n - ring "Cursed Repose" {rN+, Fort, Bglg} (curse)
HPRegen 0.37/turn    s - ring "I Foresaw This" {AC+4, Melee, Elem} (curse)
MPRegen 0.17/turn

%: clarity
@: flying, studying Fighting
A: sickness immunity, AC +11, big wings, negative energy resistance 1,
electricity resistance, torment resistance 1, petrification resistance
a: Renounce Religion, Shatter the Chains


You were on level 15 of the Dungeon.
You worshipped Ashenzari.
Ashenzari was greatly pleased with you.
You visited 2 branches of the dungeon, and saw 16 of its levels.

You collected 1124 gold pieces.

Inventory:

Hand Weapons
 a - a +0 mace of draining
 f - a +4 heavy flail (weapon)
 y - a +4 quarterstaff of chaos
 F - a +2 heavy mace
 M - a +0 war axe of draining
 T - a +2 great mace
Missiles
 b - 7 poisoned darts
 J - 6 curare-tipped darts
 K - 6 boomerangs (quivered)
Armour
 d - an orb of light
 h - the cursed +0 pair of boots of the Lashed Anxiety (worn) {Evo, Melee}
   (You found it on level 10 of the Dungeon)

   It has a curse which improves the following skills: Evocations: Evocations.
   Melee Combat: Short Blades, Long Blades, Axes, Maces & Flails, Polearms,
   Staves and Unarmed Combat.
 j - a +0 chain mail of willpower (worn)
 k - a +0 leather armour of cold resistance
 o - the cursed +1 helmet "I Knew You'd Do That" (worn) {Melee, Fort}
   (You took it off Robin on level 2 of the Dungeon)

   It has a curse which improves the following skills: Melee Combat: Short
   Blades, Long Blades, Axes, Maces & Flails, Polearms, Staves and Unarmed
   Combat.
   Fortitude: Armour and Shields.
 z - the cursed +2 pair of gloves of the Wild Blue Yonder (worn) {Comp, Range}
   (You found it on level 4 of the Dungeon)

   It has a curse which improves the following skills: Companions: Summonings
   and Necromancy.
   Ranged Combat: Ranged Weapons and Throwing.
 A - the cursed +2 cloak of the Bound Incredulity (worn) {Stlth+, Self, Elem}
   (You took it off Crazy Yiuf on level 5 of the Dungeon)

   It has a curse which improves the following skills: Introspection: Fighting
   and Spellcasting.
   Elements:  Fire Magic, Ice Magic, Air Magic and Earth Magic.
 U - a +0 buckler (worn)
 V - a +0 tower shield
Jewellery
 n - the cursed ring "Cursed Repose" (left hand) {rN+, Fort, Bglg}
   (You took it off an orc wizard on level 10 of the Dungeon)

   [ring of positive energy]

   rN:        It protects you from negative energy.
   It has a curse which improves the following skills: Fortitude: Armour and
   Shields.
   Beguiling: Conjurations, Hexes and Translocations.
 s - the cursed ring "I Foresaw This" (right hand) {AC+4, Melee, Elem}
   (You found it on level 3 of the Dungeon)

   [ring of protection]

   AC:        It affects your AC (+4).
   It has a curse which improves the following skills: Melee Combat: Short
   Blades, Long Blades, Axes, Maces & Flails, Polearms, Staves and Unarmed
   Combat.
   Elements:  Fire Magic, Ice Magic, Air Magic and Earth Magic.
 I - the amulet "Hyiheigg" {Reflect rC++ Dex+2 SH+5}
   (You took it off a yaktaur captain on level 13 of the Dungeon)

   [amulet of reflection]

   It reflects blocked missile attacks.
   Dex:       It affects your dexterity (+2).
   rC:        It greatly protects you from cold.
   SH:        It affects your SH (+5).
 P - a ring of protection from fire
Wands
 w - a wand of flame (18)
 E - a wand of iceblast (21)
 H - a wand of charming (7)
 L - a wand of acid (9)
 Q - a wand of polymorph (4)
Scrolls
 g - 3 scrolls of vulnerability
 r - a scroll of magic mapping
 t - 4 scrolls of fear
 D - a scroll of silence
 G - a scroll of amnesia
 O - a scroll of poison
Potions
 c - 4 potions of ambrosia
 e - 9 potions of curing
 i - a potion of resistance
 l - 4 potions of lignification
 m - a potion of might
 p - 2 potions of attraction
 q - 3 potions of flight
 u - 2 potions of magic
 v - 4 potions of haste
 x - 5 potions of cancellation
 C - a potion of mutation
 N - 5 potions of brilliance


   Skills:
 + Level 14.5(16.3) Fighting
 + Level 3.3(9.5) Axes
 - Level 11.8(15.5) Maces & Flails
 + Level 9.2(11.1) Throwing
 + Level 10.8(13.4) Armour
 * Level 9.5 Dodging
 * Level 11.2 Stealth
 + Level 4.0(6.4) Shields
 - Level 2.8(4.3) Spellcasting
 + Level 5.0(6.8) Evocations


You had 22 spell levels left.
You didn't know any spells.
Your spell library contained the following spells:

 Spells                   Type           Power      Damage    Failure   Level
 Scorch                   Fire           6%         2d5       86%         2
 Call Canine Familiar     Summ           2%         N/A       98%         3
 Frozen Ramparts          Ice            6%         1d1       98%         3
 Mephitic Cloud           Conj/Pois/Air  2%         N/A       98%         3
 Portal Projectile        Hex/Tloc       4%         N/A       98%         3
 Summon Guardian Golem    Hex/Summ       2%         N/A       98%         3
 Animate Dead             Necr           2%         N/A       100%        4
 Flame Wave               Conj/Fire      3%         2d5       100%        4
 Ice Form                 Ice/Tmut       2%         N/A       100%        4
 Leda's Liquefaction      Hex/Erth       1%         N/A       100%        4
 Summon Ice Beast         Ice/Summ       3%         N/A       100%        4
 Arcjolt                  Conj/Air       1%         1d11      100%        5
 Borgnjor's Vile Clutch   Necr/Erth      1%         N/A       100%        5
 Silence                  Hex/Air        1%         N/A       100%        5
 Death Channel            Necr           1%         N/A       100%        6
 Summon Cactus Giant      Summ           1%         N/A       100%        6


Dungeon Overview and Level Annotations

Branches:
Dungeon (15/15)            Temple (1/1) D:7            Lair (0/5) D:11
    Orc (0/2) D:9          Vaults (0/5) D:14         Depths (0/4) D:15

Altars:
Ashenzari
Cheibriados
Dithmenos
Elyvilon
Fedhas
Gozag
Hepliaklqana
Kikubaaqudgha
Makhleb
Nemelex Xobeh
Okawaru
Qazlal
Ru
Sif Muna
Trog
Uskayaw
Vehumet
Wu Jian
Xom
Yredelemnul
Zin
The Shining One

Shops:
D:10 (

Annotations:
D:8 4 transporters


Innate Abilities, Weirdness & Mutations

You are immune to sickness and miasma.
Your stone body is resilient. (AC +11)
You are immune to poison.
Your large and strong wings let you fly.
You resist negative energy. (rN+)
You are resistant to electric shocks. (rElec)
You are resistant to unholy torment.
You are immune to petrification.


Message History

The skyshark hisses menacingly.
The large slime creature hits you.
You sock the large slime creature!
The large slime creature is moderately wounded.
The large slime creature hits you but does no damage.
Two slime creatures merge to form an enormous slime creature.
The large slime creature hits you!
You hammer the enormous slime creature like a gong!!!
The enormous slime creature is moderately wounded.
The large slime creature hits you!!
You bludgeon the enormous slime creature!!
The enormous slime creature is moderately wounded.
The large slime creature completely misses you.
You barely miss the enormous slime creature.
The enormous slime creature is moderately wounded.
The skyshark changes into a redback!
The large slime creature hits you but does no damage.
The enormous slime creature hits you!
You barely miss the enormous slime creature.
The enormous slime creature is moderately wounded.
The large slime creature hits you!
The enormous slime creature closely misses you.
You bludgeon the enormous slime creature!!
The enormous slime creature is heavily wounded.
The large slime creature barely misses you.
The enormous slime creature hits you but does no damage.
You bludgeon the enormous slime creature!!
The enormous slime creature is heavily wounded.
The enormous slime creature hits you!!
* * * LOW HITPOINT WARNING * * *
You block the large slime creature's attack.
As you read the scroll of fog, it crumbles to dust.
The scroll dissolves into smoke.
The large slime creature hits you.
* * * LOW HITPOINT WARNING * * *
The enormous slime creature barely misses you.
The enormous slime creature attacks as you move away!
You block the enormous slime creature's attack.
The enormous slime creature attacks as you move away!
The enormous slime creature hits you!!
You die...

........#......# #....#...
........#......##########....#...
........#....................####
#'####'##........................
...........................######
.....................#####.#.....
<............######..#...'.+.....
........####.#§§#§##.#...#.#.....
.......##..###§§@§§#.#...#.#.....
......##....#.§##J##.#...#.#.....
......'†......###J§#.#...#.#.....
......##....###.us§#.#..)#.######
.......##..##*#.####.#...#.......
........#### #...*#..#...#..#####
...........##.....##.#####..'....
..........<#.......#........#....
..######...##.....##........#....


You could see an enormous slime creature and a large slime creature.

Vanquished Creatures
  A very ugly thing (D:15)
  An ettin (D:13)
  3 vault guards (D:14)
  A yaktaur captain (D:13)
  6 hydras
  6 ogre magi
  6 boulder beetles
  Erica (D:8)
  4 centaur warriors
  4 tengu warriors
  5 two-headed ogres
  A death yak (D:12)
  A vampire mage (D:13)
  A glowing orange brain (D:15)
  A deep elf archer (D:14)
  Pikel (D:9)
  2 deep elf pyromancers
  2 wizards
  3 deep elf zephyrmancers (D:13)
  3 orc knights
  22 ugly things
  An elephant (D:11)
  4 manticores
  A wolf spider (D:13)
  7 cyclopes
  2 gargoyles
  2 unseen horrors
  2 efreet
  6 yaktaurs
  3 tengu conjurers
  8 trolls
  A hornet (D:10)
  2 centaur simulacra (D:12)
  5 slime creatures
  A shadow (D:9)
  A wyvern (D:10)
  23 yaks
  3 vampires
  A water elemental (D:12)
  2 wraiths (D:11)
  2 basilisks
  12 vampire mosquitoes
  An acid dragon (D:11)
  2 water moccasins
  4 orc warriors
  A black bear (D:11)
  6 ice beasts
  6 ogres
  4 centaurs
  A wolf (D:12)
  3 phantoms
  A kobold brigand (D:11)
  3 gnoll sergeants
  A scorpion (D:5)
  13 wights
  3 killer bees (D:9)
  8 electric eels
  4 jellies
  6 hounds
  4 orc priests
  A gnoll bouda (D:4)
  Crazy Yiuf (D:5)
  A sleepcap (D:6)
  Ijyb (D:4)
  15 orc wizards
  Robin (D:2)
  14 gnolls
  8 adders
  3 white imps
  6 ufetubi
  A worm (D:3)
  A dart slug (D:1)
  75 orcs
  4 endoplasms
  3 giant cockroaches
  17 goblins
  12 hobgoblins
  10 jackals
  4 quokkas
  14 ball pythons
  3 bats
  6 kobolds
  7 rats
443 creatures vanquished.

Vanquished Creatures (collateral kills)
  A kobold demonologist (D:10)
  A centaur simulacrum (D:12)
2 creatures vanquished.

Vanquished Creatures (others)
  A yak (D:12)
  An orc (D:9)
2 creatures vanquished.

Grand Total: 447 creatures vanquished

Notes
Turn   | Place    | Note
-------+----------+-------------------------------------------
     0 | D:1      | booth the Gargoyle Monk began the quest for the Orb.
     0 | D:1      | Reached XP level 1. HP: 14/14 MP: 1/1
    49 | D:1      | Reached XP level 2. HP: 7/19 MP: 2/2
   384 | D:1      | Reached XP level 3. HP: 24/24 MP: 3/3
   826 | D:2      | Reached skill level 1 in Throwing
   851 | D:2      | Reached XP level 4. HP: 27/29 MP: 4/4
  1048 | D:2      | Reached skill level 4 in Fighting
  1059 | D:2      | Noticed Robin
  1076 | D:2      | Killed Robin
  1449 | D:3      | Reached XP level 5. HP: 33/33 MP: 5/5
  1596 | D:3      | Found a transporter.
  1618 | D:3      | Found a transporter.
  2170 | D:3      | Reached skill level 1 in Armour
  2174 | D:3      | Reached XP level 6. HP: 31/39 MP: 6/6
  2226 | D:4      | Noticed Ijyb
  2252 | D:4      | Killed Ijyb
  3061 | D:5      | Entered Level 5 of the Dungeon
  3110 | D:4      | Reached XP level 7. HP: 31/44 MP: 7/7
  3199 | D:4      | Reached skill level 5 in Fighting
  3396 | D:5      | Found a blossoming altar of Fedhas.
  3430 | D:5      | Reached skill level 5 in Maces & Flails
  3430 | D:5      | Reached XP level 8. HP: 50/50 MP: 8/8
  3628 | D:5      | Found a runed translucent door.
  3629 | D:5      | Noticed Crazy Yiuf
  3636 | D:5      | Killed Crazy Yiuf
  4038 | D:5      | Reached skill level 6 in Fighting
  4509 | D:5      | Upgraded the game from 0.30.1 to 0.30.1-1-g62c8e00024
  5172 | D:6      | Reached XP level 9. HP: 56/56 MP: 9/9
  5671 | D:7      | Reached skill level 5 in Dodging
  5770 | D:7      | Reached skill level 5 in Armour
  5987 | D:7      | Found a staircase to the Ecumenical Temple.
  6073 | Temple   | Entered the Ecumenical Temple
  6119 | Temple   | Became a worshipper of Ashenzari the Shackled
  6187 | D:7      | Reached * piety under Ashenzari
  6187 | D:7      | Identified a scroll of acquirement
  6193 | D:7      | Acquired a manual of Fighting
  6973 | D:8      | Found a transporter.
  6975 | D:8      | Found a transporter.
  6977 | D:8      | Found a transporter.
  6977 | D:8      | Found a transporter.
  7038 | D:8      | Reached ** piety under Ashenzari
  7040 | D:8      | Found a radiant altar of Vehumet.
  7041 | D:8      | Noticed Erica
  7277 | D:8      | Killed Erica
  7278 | D:8      | Reached skill level 7 in Fighting
  7278 | D:8      | Reached skill level 1 in Stealth
  7278 | D:8      | Reached skill level 1 in Spellcasting
  7653 | D:9      | Reached skill level 5 in Throwing
  7725 | D:9      | You fall into a shaft and drop 1 floor!
  7725 | D:10     | Entered Level 10 of the Dungeon
  7735 | D:10     | Noticed a cyclops
  7743 | D:10     | Noticed a troll
  7764 | D:10     | Found Ikaaq's Weapon Emporium.
  7930 | D:9      | Reached XP level 10. HP: 33/65 MP: 13/13
  8153 | D:9      | Reached skill level 8 in Fighting
  9223 | D:9      | Found a staircase to the Orcish Mines.
  9559 | D:9      | Noticed Pikel
  9726 | D:9      | Killed Pikel
  9936 | D:9      | Reached skill level 9 in Fighting
 10487 | D:10     | Reached XP level 11. HP: 70/73 MP: 16/16
 10795 | D:10     | Killed a cyclops
 10798 | D:10     | Found a basalt altar of Yredelemnul.
 11108 | D:11     | Noticed a boulder beetle
 11108 | D:11     | Noticed a cyclops
 11240 | D:10     | Killed a boulder beetle
 11241 | D:10     | Reached skill level 5 in Stealth
 11600 | D:11     | Killed a cyclops
 11601 | D:11     | Reached skill level 10 in Fighting
 11852 | D:11     | Found a staircase to the Lair.
 12104 | D:11     | Noticed a boulder beetle
 12126 | D:11     | Killed a boulder beetle
 12127 | D:11     | Reached skill level 10 in Maces & Flails
 12151 | D:11     | Noticed a two-headed ogre
 12223 | D:11     | Killed a two-headed ogre
 12276 | D:11     | Noticed a cyclops
 12287 | D:11     | Killed a cyclops
 12394 | D:11     | Reached XP level 12. HP: 66/81 MP: 17/17
 12953 | D:11     | Noticed a two-headed ogre
 12970 | D:11     | Killed a two-headed ogre
 12971 | D:11     | Reached skill level 11 in Fighting
 14020 | D:12     | Noticed a boulder beetle
 14945 | D:12     | Reached *** piety under Ashenzari
 15022 | D:12     | Noticed a death yak
 15044 | D:12     | Killed a death yak
 15426 | D:12     | Killed a boulder beetle
 15767 | D:13     | Reached skill level 12 in Fighting
 16021 | D:13     | Noticed a centaur warrior
 16029 | D:13     | Killed a centaur warrior
 16106 | D:13     | Noticed a boulder beetle
 16138 | D:13     | Killed a boulder beetle
 16247 | D:13     | Noticed a tengu warrior
 16259 | D:13     | Reached skill level 1 in Evocations
 16269 | D:13     | Killed a tengu warrior
 16273 | D:13     | Reached XP level 13. HP: 61/89 MP: 19/19
 17064 | D:13     | Identified the amulet "Hyiheigg" {Reflect rC++ Dex+2 SH+5}
 17064 | D:13     | Noticed a yaktaur captain
 17084 | D:13     | Killed a yaktaur captain
 17476 | D:13     | Noticed an ettin
 17488 | D:13     | Killed an ettin
 17706 | D:13     | Reached skill level 13 in Fighting
 18531 | D:13     | Found the +12 glaive of Prune {freeze, Prune}
 18743 | D:14     | Reached skill level 10 in Armour
 18758 | D:14     | Reached skill level 1 in Shields
 18907 | D:14     | Reached skill level 1 in Axes
 18907 | D:14     | Gained mutation: Your large and strong wings let you fly.
                  | [Gargoyle growth]
 18907 | D:14     | Reached XP level 14. HP: 79/98 MP: 20/20
 18985 | D:14     | Found an opulent altar of Gozag.
 19282 | D:14     | Found a sacrificial altar of Ru.
 20039 | D:14     | Reached skill level 10 in Stealth
 20199 | D:14     | Found a gate to the Vaults.
 20221 | D:14     | Reached skill level 14 in Fighting
 20496 | D:15     | Entered Level 15 of the Dungeon
 21032 | D:15     | Identified Osmaf's Meditations on Lethal Enchantment
 21451 | D:15     | Reached **** piety under Ashenzari
 22190 | D:15     | Noticed a purple very ugly thing
 22196 | D:15     | Killed a purple very ugly thing
 22207 | D:15     | Reached XP level 15. HP: 49/104 MP: 21/21
 22213 | D:15     | Reached skill level 5 in Evocations
 22375 | D:15     | Found a staircase to the Depths.
 22392 | D:15     | Demolished by an enormous slime creature

Illustrated notes

Levels and vault maps discovered:
D:1:      amcnicky_arrival_choice, layout_rooms, serial_bayou_ford_a
D:2:      layout_loops_ring, uniq_robin
D:3:      gammafunk_steamed_eel, layout_basic, moated_statue,
          hangedman_abyss_or_decor_lesser_grid
D:4:      layout_loops_ring, uniq_ijyb
D:5:      layout_loops_cross, fedhas_altar_fruit_tree, nrook_mini_vaults,
          dreamdust_wishing_well, uniq_crazy_yiuf_cottage
D:6:      layout_cave_pools
D:7:      layout_rooms, minmay_temple_entry_trees
D:8:      layout_basic, lemuel_tele_altar, nicolae_diode_intersection,
          uniq_erica
D:9:      layout_grid_maze, hiddenorc2_lemuel, uniq_pikel
D:10:     layout_cave_pools, yredelemnul_altar_generic, serial_shops,
          nicolae_shop_trees
D:11:     minmay_s_stair_smasher, layout_loops_ring, david_lair_generic,
          hex_tiny, grunt_decor_arrowhead
D:12:     nicolae_moon_pools, layout_cave_pods, serial_ice, serial_ice_i,
          serial_ice_a, serial_ice_g, serial_ice_h, serial_ice_d, serial_ice_m,
          serial_ice_o, serial_ice_e, gauntlet_entry_generic
D:13:     minmay_two_paths, layout_loops_ring, minmay_guarded_unrand_prune
D:14:     layout_roguey, grunt_vaults_entry_fortified,
          nicolae_gozag_seed_capital, nicolae_ru_great_annihilating_truth
D:15:     gammafunk_enter_depths_forms, layout_irregular_city,
          nicolae_figureground_pulse, fungi_pond_lemuel,
          minmay_increasing_density
Temple:   hellmonk_temple_of_storms

Skill      XL: |  1  2  3  4  5  6  7  8  9 10 11 12 13 14 15 |
---------------+----------------------------------------------+-----
Throwing       | 1 2 3 4 5 6 7 8 9 |  9.2
Dodging        | 3 4 5 6 7 8 9 |  9.5
Fighting       | 4 5 6 7 9 10 12 13 14 | 14.5
Maces & Flails | 4 5 6 7 8 10 11 | 11.8
Armour         | 1 2 3 4 5 6 7 9 10 | 10.8
Stealth        | 2 4 6 8 9 11 | 11.2
Spellcasting   | 1 2 |  2.8
Evocations     | 1 3 4 5 |  5.0
Shields        | 1 3 4 |  4.0
Axes           | 1 3 |  3.3

Action                     |  1- 3 |  4- 6 |  7- 9 | 10-12 | 13-15 || total
---------------------------+-------+-------+-------+-------+-------++-------
  Melee: Mace              |    90 |   197 |   474 |   768 |       ||  1529
         War axe           |       |       |       |    32 |    32 ||    64
         Punch             |       |       |       |    18 |     6 ||    24
         Flail             |       |       |       |   137 |   535 ||   672
  Throw: Dart              |       |     7 |    23 |    29 |       ||    59
         Boomerang         |       |       |       |    48 |    40 ||    88
 Invoke: Curse Item        |       |       |     3 |     3 |     1 ||     7
         Shatter the Chain |       |       |       |     1 |       ||     1
  Evoke: Wand              |       |     7 |     6 |     5 |     5 ||    23
    Use: Scroll            |     3 |     7 |    11 |     3 |     3 ||    27
         Potion            |       |     4 |     3 |     2 |     4 ||    13
   Stab: Sleeping          |       |       |     1 |     3 |     3 ||     7
         Paralysed         |       |       |       |       |     1 ||     1
 Armour: Robe              |    41 |    94 |    29 |       |       ||   164
         Leather armour    |       |       |   231 |   367 |       ||   598
         Chain mail        |       |       |       |   260 |   491 ||   751
  Dodge: Dodged            |    71 |   127 |   334 |   800 |   258 ||  1590
  Block: Buckler           |       |       |       |       |    68 ||    68
